 Dungeon Crawl Stone Soup version 0.26-a0-520-g952f204493 (webtiles) character file.

Game seed: 5481848402452645822

167400 broness the Peltast (level 17, -5/127 HPs)
             Began as a Vampire Fighter on Aug 11, 2020.
             Was an Initiate of Gozag.
             Slain by a tentacle (17 damage)
             ... attached to a kraken
             ... on level 2 of the Shoals on Aug 12, 2020.
             The game lasted 02:01:32 (33037 turns).

broness the Peltast (Vampire Fighter)              Turns: 33037, Time: 02:01:33

Health: -5/127     AC: 30    Str: 15    XL:     17   Next: 31%
Magic:  17/17      EV: 22    Int: 21    God:    Gozag
Gold:   2431       SH: 14    Dex: 20    Spells: 12/16 levels left

rFire    + . .     SeeInvis +   a - +2 scimitar "Gezog" {venom, Int+4}
rCold    . . .     Faith    .   c - +0 kite shield
rNeg     + + .     Spirit   .   U - +8 chain mail of the Lich-sworn {rF+ rN+}
rPois    .         Reflect  .   (no helmet)
rElec    +         Harm     .   K - +2 cloak of Untold Secrets {rElec rN+ Dex+3}
rCorr    .                      s - +2 pair of gloves {Dex+3}
MR       +....                  f - +2 pair of boots {Fly}
Stlth    ..........             m - amulet of regeneration
HPRegen  0.91/turn              z - +4 ring of evasion
MPRegen  0.15/turn              v - +4 ring of evasion

@: flying, very slightly contaminated, regenerating quickly
A: fangs 3, see invisible, unbreathing
a: Exsanguinate, Potion Petition, Call Merchant, Bribe Branch, Renounce
Religion, Stop Flying


You were on level 2 of the Shoals.
You worshipped Gozag.
Gozag was most pleased with you.
You visited 5 branches of the dungeon, and saw 26 of its levels.
You also visited: Sewer, Ossuary and Gauntlet.

You collected 11280 gold pieces.
You spent 2866 gold pieces at shops.
You paid 5983 gold pieces to Gozag.

Inventory:

Hand Weapons
 a - the +2 scimitar "Gezog" (weapon) {venom, Int+4}
   (You bought it in a shop on level 2 of the Orcish Mines)

   It poisons the flesh of those it strikes.
   It affects your intelligence (+4).
 b - a +3 short sword of electrocution
Missiles
 J - 12 javelins
 M - 4 throwing nets (quivered)
Armour
 c - a +0 kite shield (worn)
 f - a +2 pair of boots of flying (worn)
 s - a +2 pair of gloves of dexterity (worn)
 K - the +2 cloak of Untold Secrets (worn) {rElec rN+ Dex+3}
   (You bought it in a shop on level 5 of the Dungeon)

   It affects your dexterity (+3).
   It insulates you from electricity.
   It protects you from negative energy.
 U - the +8 chain mail of the Lich-sworn (worn) {rF+ rN+}
   (You bought it in a shop on level 4 of the Lair of Beasts)

   It protects you from fire.
   It protects you from negative energy.
Jewellery
 m - an amulet of regeneration (around neck)
 o - an uncursed ring of protection from cold
 q - an uncursed ring of protection from magic
 v - a +4 ring of evasion (right hand)
 x - an uncursed ring of protection from fire
 z - a +4 ring of evasion (left hand)
Wands
 t - a wand of flame (57)
 A - a wand of acid (3)
 F - a wand of polymorph (6)
 G - a wand of digging (11)
 L - a wand of disintegration (18)
 O - a wand of iceblast (7)
 V - a wand of paralysis (10)
Scrolls
 e - 4 scrolls of enchant weapon
 g - 19 scrolls of remove curse
 h - 7 scrolls of fog
 i - 2 scrolls of fear
 j - 10 scrolls of identify
 l - 4 scrolls of magic mapping
 r - 5 scrolls of enchant armour
 u - a scroll of amnesia
 y - 5 scrolls of teleportation
 S - 2 scrolls of summoning
Potions
 d - 3 potions of might
 k - 4 potions of brilliance
 n - 6 potions of mutation
 p - 6 potions of heal wounds
 w - a potion of stabbing
 B - 12 potions of curing
 D - a potion of ambrosia
 I - a potion of berserk rage
 N - a potion of invisibility
 R - 2 potions of magic
 T - 6 potions of haste
 X - a potion of cancellation
Miscellaneous
 P - a condenser vane (2/2)
 Q - a phial of floods (inert)


   Skills:
 + Level 9.9 Fighting
 - Level 14.0(14.7) Short Blades
 - Level 7.4(11.1) Long Blades
 + Level 10.0 Armour
 - Level 12.0 Dodging
 + Level 3.3 Stealth
 - Level 15.0 Shields
 * Level 5.4 Necromancy
 - Level 12.0 Evocations


You had 12 spell levels left.
You knew the following spells:

 Your Spells              Type           Power        Failure   Level
a - Animate Skeleton      Necr           ###...       24%         1
b - Vampiric Draining     Necr           ###.......   56%         3

Your spell library contained the following spells:

 Spells                   Type           Power        Failure   Level
 Pain                     Necr           ###.         24%         1
 Foxfire                  Conj/Fire      #...         91%         1
 Magic Dart               Conj           #...         91%         1
 Shock                    Conj/Air       #...         91%         1
 Animate Dead             Necr           ###.......   93%         4
 Blink                    Tloc           N/A          97%         2
 Call Imp                 Summ           #.......     97%         2
 Ensorcelled Hibernation  Hex/Ice        #.....       97%         2
 Slow                     Hex            #.......     97%         2
 Conjure Flame            Conj/Fire      #.......     100%        3
 Inner Flame              Hex/Fire       #.......     100%        3
 Mephitic Cloud           Conj/Pois/Air  #.......     100%        3
 Portal Projectile        Hex/Tloc       #.....       100%        3
 Static Discharge         Conj/Air       #.......     100%        3
 Sticky Flame             Conj/Fire      #.......     100%        4
 Agony                    Necr           ###.....     100%        5
 Fireball                 Conj/Fire      #.........   100%        5
 Lightning Bolt           Conj/Air       #.........   100%        5
 Freezing Cloud           Conj/Ice/Air   #.........   100%        6
 Chain Lightning          Conj/Air       #.........   100%        8
 Lehudib's Crystal Spear  Conj/Erth      #.........   100%        8
 Absolute Zero            Ice            #.........   100%        9
 Fire Storm               Conj/Fire      #.........   100%        9


Dungeon Overview and Level Annotations

Branches:
Dungeon (15/15)            Temple (1/1) D:5            Lair (6/6) D:10
 Shoals (2/4) Lair:4        Snake (0/4) Lair:3        Slime (0/5) Lair:6
    Orc (2/2) D:12            Elf (0/3) Orc:2        Vaults (0/5) D:14
 Depths (0/5) D:15          Sewer (visited)         Ossuary (visited)
Gauntlet (visited)

Altars:
Ashenzari
Cheibriados
Dithmenos
Elyvilon
Fedhas
Gozag
Hepliaklqana
Kikubaaqudgha
Makhleb
Nemelex Xobeh
Okawaru
Qazlal
Ru
Sif Muna
Trog
Uskayaw
Vehumet
Wu Jian
Xom
Yredelemnul
Zin
The Shining One
Beogh

Shops:
D:5 (:[   D:10 =   D:11 =   D:12 *   D:13 =   D:15 (   Orc:2 [!((   Lair:4 [


Innate Abilities, Weirdness & Mutations

Your natural rate of healing is unusually fast.
You have razor-sharp teeth.
You have supernaturally acute eyesight. (SInv)
You can survive without breathing.


Message History

You feel much better.
The tentacle slaps you but does no damage. x2
The tentacle slaps you! You block the kraken's attack.
The tentacle completely misses you. You block the tentacle's attack.
The kraken bites you!!
* * * LOW HITPOINT WARNING * * *
The tentacle slaps you!
* * * LOW HITPOINT WARNING * * *
You block the tentacle's attack.
Remove which piece of jewellery? (? for menu, Esc to quit)
Okay, then.
Press: ? - help, Dir - move target cursor You are very lightly contaminated with residual magic.
As you read the scroll of blinking, it crumbles to dust.
The tentacle misses you. The tentacle misses you.
You riposte.
You completely miss the tentacle.
The tentacle is severely wounded.
The tentacle slaps you!
You die...
Your body crumbles into a pile of gold.

≈≈≈≈≈≈≈≈≈≈≈≈≈≈≈≈≈≈≈≈≈≈≈≈≈≈≈≈≈≈≈≈≈
≈≈≈≈≈≈≈§≈≈≈≈≈≈≈≈≈≈≈≈≈≈≈≈≈≈≈≈≈≈≈≈≈
≈≈≈≈≈≈≈≈≈≈≈≈≈≈≈≈≈≈≈≈≈≈≈≈≈≈≈≈≈≈≈≈≈
≈≈≈≈≈≈≈≈≈≈≈≈≈≈≈≈≈≈≈≈...≈≈≈≈≈≈≈≈≈≈
≈≈≈≈≈≈≈≈≈≈X≈≈≈≈≈≈≈.......≈≈≈≈≈≈≈≈
≈≈≈≈≈≈≈≈≈≈≈≈≈≈≈≈≈≈.####...≈≈≈≈≈≈≈
≈≈≈≈≈≈≈≈≈≈≈≈.w*\≈..# ###..≈≈≈≈≈≈
≈≈≈≈≈≈≈≈≈≈≈≈...ww..# #..≈≈≈≈≈≈
≈≈≈≈≈≈≈≈≈≈≈..###@..### #..≈≈≈≈≈≈
≈≈≈≈≈≈≈≈≈≈≈.## ##....####.≈≈≈≈≈≈≈
≈≈≈≈≈≈≈≈≈≈≈≈.## #.........≈≈≈≈≈≈≈
≈≈≈≈≈≈≈≈≈≈≈≈..# #..≈≈.≈..≈≈≈≈≈≈≈≈
≈≈..≈≈≈≈≈≈≈≈≈.###.....≈≈≈≈≈≈≈≈≈≈≈
.>...≈≈≈≈≈≈≈≈.........≈≈≈≈≈≈≈≈≈≈≈
.###...≈≈≈≈≈≈≈..[≈....≈≈≈≈≈≈≈≈≈≈≈
.# ##....≈≈≈≈≈.......>≈≈≈≈≈≈≈≈≈≈≈
.## ###..≈≈≈≈.....##..≈≈≈≈≈≈≈≈≈≈≈


You could see a kraken (extremely poisoned) and 3 tentacles.

Vanquished Creatures
  Rupert (Lair:6)
  A sphinx (D:15)
  2 storm dragons
  A tengu reaver (D:15)
  Donald (Lair:4)
  A fire giant (D:15)
  An emperor scorpion (Shoals:1)
  A vampire knight (D:12)
  A minotaur (Gauntlet)
  An ettin (D:15)
  A great orb of eyes (Gauntlet)
  A deep elf high priest (D:12)
  A yaktaur captain (D:11)
  A rakshasa (D:13)
  Fannar (D:12)
  2 ice dragons (D:15)
  8 hydras
  A vault guard (D:14)
  2 merfolk avatars (Shoals:2)
  An alligator snapping turtle (Shoals:1)
  6 catoblepae
  2 satyrs (Shoals:2)
  A death knight (D:15)
  5 tengu warriors
  4 centaur warriors
  A deep troll earth mage (D:15)
  14 two-headed ogres
  2 ogre magi
  9 death yaks
  5 orc high priests (Orc:2)
  4 sea snakes
  2 fire crabs
  4 unseen horrors
  Pikel (D:8)
  2 phantasmal warriors
  7 orc knights
  A harpy (shapeshifter) (D:15)
  A wizard (D:14)
  2 wolf spider zombies (D:15)
  21 harpies
  4 deep elf magi
  3 necromancers (D:14)
  5 orc sorcerers
  11 ugly things
  6 manticores
  3 wolf spiders (D:15)
  A salamander (shapeshifter) (D:15)
  19 fauns
  7 cyclopes
  A guardian serpent (Lair:3)
  7 merfolk sirens
  16 elephants
  A black mamba (shapeshifter) (D:15)
  A guardian serpent (shapeshifter) (D:15)
  2 water nymphs (Shoals:2)
  An eye of devastation (Lair:6)
  5 black mambas
  3 gargoyles
  10 cane toads
  6 komodo dragons
  A kobold demonologist (D:14)
  5 yaktaurs (D:15)
  2 rime drakes
  A freezing wraith (D:14)
  4 merfolk
  8 trolls
  A wind drake (Shoals:2)
  A meliai (D:15)
  A harpy zombie (D:15)
  A hornet (D:15)
  2 polar bears
  13 blink frogs
  10 hippogriffs
  3 snapping turtles
  5 slime creatures
  A centaur simulacrum (D:15)
  Sigmund (D:2)
  A shadow (D:15)
  A vampire (D:10)
  3 wyverns
  A wraith (D:12)
  21 humans (D:14)
  2 water elementals
  58 yaks
  4 fire bats (Gauntlet)
  Eustachio (D:4)
  6 basilisks
  4 vampire mosquitoes (D:15)
  10 water moccasins
  A warg (Orc:2)
  4 acid dragons
  A hell hound (Gauntlet)
  Duvessa (D:6)
  10 porcupines
  2 hornet zombies
  45 orc warriors
  6 sky beasts
  An ice beast (D:7)
  4 phantoms
  4 black bears
  A necrophage (D:8)
  A boggart (D:15)
  4 eyes of draining
  23 ogres
  9 wolves
  16 centaurs
  13 crocodiles
  2 lemures (D:8)
  Blork the orc (D:6)
  3 big kobolds
  23 bullfrogs
  A gnoll sergeant (D:12)
  A wyvern zombie (D:13)
  4 scorpions
  A wyvern skeleton (D:14)
  Dowan (D:6)
  9 killer bees
  An electric eel (Lair:4)
  17 wights
  4 howler monkeys
  6 centaur zombies
  A bullfrog zombie (D:10)
  6 jellies
  2 quasits
  7 hounds
  47 orc priests
  19 orc wizards
  Crazy Yiuf (D:6)
  6 centaur skeletons
  4 iguanas
  Natasha (twice) (D:4)
  9 worker ants
  A hound zombie (D:5)
  9 mummies
  A howler monkey zombie (D:10)
  2 worker ant zombies
  8 gnolls
  16 adders
  A howler monkey skeleton (D:9)
  2 shadow imps
  6 white imps
  14 oozes
  2 ufetubi
  8 worms
  4 dart slugs
  16 leopard geckos
  96 orcs
  13 giant cockroaches
  4 gnoll zombies (Ossuary)
  9 goblins
  5 hobgoblins
  6 quokkas
  17 ball pythons
  A ball python skeleton (D:4)
  6 bats
  16 frilled lizards
  A hobgoblin zombie (D:6)
  24 kobolds
  A kobold zombie (Ossuary)
  4 orc zombies
  6 rats
  A butterfly (Lair:4)
  A plant (D:10)
1033 creatures vanquished.

Vanquished Creatures (others)
  An unseen horror (D:15)
  A necromancer (D:15)
  A komodo dragon (D:15)
  An orc (Orc:1)
  8 bushes (D:12)
  20 fungi
  16 plants
  17 tentacles (Shoals:2)
  13 withered plants (Gauntlet)
78 creatures vanquished.

Grand Total: 1111 creatures vanquished

Notes
Turn   | Place    | Note
-------+----------+-------------------------------------------
     0 | D:1      | broness the Vampire Fighter began the quest for the Orb.
     0 | D:1      | Reached XP level 1. HP: 17/17 MP: 1/1
   152 | D:1      | Reached XP level 2. HP: 22/23 MP: 2/2
   593 | D:1      | Reached skill level 3 in Shields
   593 | D:1      | Reached XP level 3. HP: 24/28 MP: 3/3
   762 | D:2      | Noticed Sigmund
   776 | D:2      | Killed Sigmund
   776 | D:2      | Reached XP level 4. HP: 11/34 MP: 4/4
   776 | D:2      | Reached XP level 5. HP: 13/39 MP: 5/5
  1256 | D:2      | Reached skill level 5 in Short Blades
  1638 | D:3      | Reached XP level 6. HP: 46/46 MP: 6/6
  2255 | D:4      | Noticed Eustachio
  2262 | D:4      | Killed Eustachio
  2262 | D:4      | Reached skill level 4 in Shields
  2287 | D:4      | Reached XP level 7. HP: 51/51 MP: 7/7
  2468 | D:4      | Noticed Natasha
  2475 | D:4      | Killed Natasha
  2730 | D:4      | Noticed Natasha
  2740 | D:4      | Killed Natasha
  2831 | D:4      | Found a glowing drain.
  2866 | Sewer    | Entered a sewer
  3195 | Sewer    | Reached XP level 8. HP: 51/57 MP: 8/8
  3212 | Sewer    | Reached skill level 5 in Shields
  3415 | D:5      | Entered Level 5 of the Dungeon
  3687 | D:5      | Found Deisoqu's Book Emporium.
  3809 | D:5      | Found Ruacefia's Antique Armour Emporium.
  3809 | D:5      | Found a staircase to the Ecumenical Temple.
  3829 | Temple   | Entered the Ecumenical Temple
  4015 | D:5      | Bought a pair of steaming boots for 285 gold pieces
  4020 | D:5      | Identified the +1 pair of boots of Context {rPois Dex+4}
                  | (You bought it in a shop on level 5 of the Dungeon)
  4051 | D:5      | Found Kutsiritt's Antique Weapon Boutique.
  4099 | D:6      | Found a white marble altar of Elyvilon.
  4101 | D:6      | Found a shimmering altar of Xom.
  4101 | D:6      | Found a glowing golden altar of the Shining One.
  4101 | D:6      | Found an opulent altar of Gozag.
  4184 | D:6      | Found a runed translucent door.
  4185 | D:6      | Noticed Crazy Yiuf
  4192 | D:6      | Killed Crazy Yiuf
  4254 | D:6      | Found a sand-covered staircase.
  4263 | Ossuary  | Entered an ossuary
  4317 | Ossuary  | Reached skill level 5 in Armour
  4555 | D:6      | Noticed Dowan
  4556 | D:6      | Noticed Duvessa
  4559 | D:6      | Killed Dowan
  4560 | D:6      | Killed Duvessa
  4821 | D:6      | Noticed Blork the orc
  4835 | D:6      | Killed Blork the orc
  4944 | D:6      | Became a worshipper of Gozag Ym Sagoz the Greedy
  5244 | D:7      | Found a stormy altar of Qazlal.
  5426 | D:7      | Reached skill level 6 in Shields
  5426 | D:7      | Reached XP level 9. HP: 60/62 MP: 9/9
  5673 | D:7      | Reached skill level 10 in Short Blades
  6429 | D:8      | Noticed Pikel
  6505 | D:8      | Killed Pikel
  6505 | D:8      | Reached skill level 7 in Shields
  6505 | D:8      | Reached XP level 10. HP: 63/65 MP: 10/10
  6668 | D:5      | Bought a scorched cloak for 285 gold pieces
  6678 | D:5      | Identified the +2 cloak of Untold Secrets {rElec rN+ Dex+3}
                  | (You bought it in a shop on level 5 of the Dungeon)
  6781 | D:8      | Reached skill level 1 in Evocations
  6802 | D:8      | Noticed a two-headed ogre
  6868 | D:8      | Killed a two-headed ogre
  7341 | D:9      | Noticed a two-headed ogre
  7350 | D:9      | Killed a two-headed ogre
  7517 | D:9      | Reached skill level 5 in Fighting
  8224 | D:10     | Entered Level 10 of the Dungeon
  8450 | D:10     | Reached XP level 11. HP: 78/78 MP: 11/11
  8526 | D:10     | Reached skill level 5 in Evocations
  8564 | D:10     | Noticed a two-headed ogre
  8651 | D:10     | Killed a two-headed ogre
  8710 | D:10     | Found an opulent altar of Gozag.
  8749 | D:10     | Found a staircase to the Lair.
  9586 | D:11     | Noticed a purple ugly thing
  9615 | D:11     | Killed a purple ugly thing
  9639 | D:11     | Noticed a red ugly thing
  9695 | D:11     | Killed a red ugly thing
  9711 | D:11     | Noticed a yaktaur captain
  9754 | D:11     | Killed a yaktaur captain
  9769 | D:11     | Noticed a storm dragon
  9782 | D:11     | HP: 4/84 [storm dragon/bolt of lightning (8)]
  9925 | Lair:1   | Entered Level 1 of the Lair of Beasts
 10452 | Lair:1   | Noticed a seven-headed hydra
 10467 | Lair:1   | Killed a seven-headed hydra
 10467 | Lair:1   | Reached XP level 12. HP: 43/73 MP: 12/12
 12173 | Lair:3   | Noticed a five-headed hydra
 12189 | Lair:3   | Killed a five-headed hydra
 12189 | Lair:3   | Reached skill level 1 in Dodging
 12532 | Lair:3   | Found a staircase to the Snake Pit.
 13234 | Lair:3   | Reached skill level 8 in Shields
 13557 | Lair:4   | Noticed a six-headed hydra
 13574 | Lair:4   | Killed a six-headed hydra
 13574 | Lair:4   | Reached skill level 5 in Dodging
 14186 | Lair:4   | Noticed a five-headed hydra
 14215 | Lair:4   | Reached XP level 13. HP: 101/101 MP: 13/13
 14420 | Lair:4   | Found a staircase to the Shoals.
 14953 | Lair:4   | Bought the +8 chain mail of the Lich-sworn {rF+ rN+} for
                  | 752 gold pieces
 15099 | Lair:4   | Reached skill level 9 in Shields
 16244 | Lair:6   | Entered Level 6 of the Lair of Beasts
 16930 | Lair:6   | Noticed Rupert
 16993 | Lair:6   | Killed Rupert
 16993 | Lair:6   | Reached skill level 10 in Dodging
 17333 | Lair:6   | Reached XP level 14. HP: 81/108 MP: 14/14
 17378 | Lair:6   | Found a staircase to the Slime Pits.
 17954 | Lair:5   | Reached skill level 10 in Shields
 19225 | D:11     | Found a shimmering altar of Xom.
 19226 | D:11     | Found a hide-covered altar of Uskayaw.
 19531 | D:11     | Killed a storm dragon
 19897 | D:12     | Found an ancient bone altar of Kikubaaqudgha.
 20282 | D:12     | Noticed Fannar
 20312 | D:12     | Killed Fannar
 20749 | D:12     | Found a staircase to the Orcish Mines.
 20788 | Orc:1    | Entered Level 1 of the Orcish Mines
 20832 | D:12     | Bought a long bronze wand for 104 gold pieces
 20832 | D:12     | Bought an ancient cloak for 247 gold pieces
 20842 | D:12     | Identified the cursed +0 cloak of Pride {rN+ Str+4} (You
                  | bought it in a shop on level 12 of the Dungeon)
 21375 | D:12     | Upgraded the game from 0.26-a0-519-gb2f46efeda to
                  | 0.26-a0-520-g952f204493
 21456 | Orc:1    | Paralysed by an orc sorcerer for 5 turns
 21511 | Orc:1    | Paralysed by an orc sorcerer for 7 turns
 21534 | Orc:1    | Paralysed by an orc sorcerer for 6 turns
 21850 | Orc:2    | Entered Level 2 of the Orcish Mines
 22606 | Orc:2    | Paralysed by an orc sorcerer for 3 turns
 22722 | Orc:2    | Found a staircase to the Elven Halls.
 23244 | Orc:2    | Noticed an orc warlord
 23276 | Orc:2    | Noticed a storm dragon
 23276 | Orc:2    | an orc warlord changed into a storm dragon
 23338 | Orc:2    | Killed a storm dragon
 23338 | Orc:2    | Reached skill level 11 in Shields
 23676 | Orc:2    | Found Vymoelis's Antique Weapon Shop.
 23683 | Orc:2    | Bought a glowing rapier for 196 gold pieces
 23686 | Orc:2    | Bought a twisted scimitar for 252 gold pieces
 23686 | Orc:2    | Identified the +2 scimitar "Gezog" {venom, Int+4} (You
                  | bought it in a shop on level 2 of the Orcish Mines)
 23711 | Orc:2    | Found Gonamoirch's Antique Weapon Emporium.
 23746 | Orc:2    | Found a roughly hewn altar of Beogh.
 23926 | Orc:2    | Reached skill level 1 in Long Blades
 24318 | Orc:2    | Reached XP level 15. HP: 113/113 MP: 15/15
 24539 | Orc:2    | Found a roughly hewn altar of Beogh.
 24758 | Orc:2    | Found Zeberaoz's Armour Emporium.
 24768 | Orc:2    | Found Vioshr Puji's Distillery.
 24829 | Orc:2    | Bought 2 potions of haste for 280 gold pieces
 25052 | D:13     | Found a gate leading to a gauntlet.
 25061 | Gauntlet | Entered a Gauntlet
 25061 | Gauntlet | Found a transporter.
 25061 | Gauntlet | Found a transporter.
 25072 | Gauntlet | Found a transporter.
 25081 | Gauntlet | Found a transporter.
 25083 | Gauntlet | Found a large runed translucent door.
 25083 | Gauntlet | Found a large runed translucent door.
 25084 | Gauntlet | Found a large runed translucent door.
 25084 | Gauntlet | Found a large runed translucent door.
 25085 | Gauntlet | Found a large runed translucent door.
 25085 | Gauntlet | Found a large runed translucent door.
 25085 | Gauntlet | Found a runed translucent door.
 25085 | Gauntlet | Found a runed translucent door.
 25085 | Gauntlet | Found a large runed translucent door.
 25085 | Gauntlet | Found a large runed translucent door.
 25086 | Gauntlet | Found a large runed translucent door.
 25086 | Gauntlet | Found a large runed translucent door.
 25090 | Gauntlet | Found a large runed translucent door.
 25090 | Gauntlet | Found a large runed translucent door.
 25091 | Gauntlet | Found a large runed translucent door.
 25091 | Gauntlet | Found a large runed translucent door.
 25091 | Gauntlet | Found a large runed translucent door.
 25091 | Gauntlet | Found a large runed translucent door.
 25094 | Gauntlet | Found a runed translucent gate.
 25094 | Gauntlet | Found a runed translucent gate.
 25094 | Gauntlet | Found a runed translucent gate.
 25096 | Gauntlet | Found a transporter.
 25109 | Gauntlet | Found a transporter.
 25190 | Gauntlet | Found a transporter.
 25200 | Gauntlet | Found the +5 robe of Misfortune {*Contam Harm *Corrode
                  | *Drain *Slow EV+5}
 25205 | Gauntlet | Found a transporter.
 25219 | Gauntlet | Found a transporter.
 25232 | Gauntlet | Found a transporter.
 25252 | Gauntlet | Found a transporter.
 25325 | Gauntlet | Found a transporter.
 25325 | Gauntlet | Found a transporter.
 25337 | Gauntlet | Found a transporter.
 25338 | Gauntlet | Found a transporter.
 25347 | Gauntlet | Found a transporter.
 25479 | Gauntlet | Identified the Handbook of Captivating Conjuration
 25612 | Gauntlet | Got a translucent flail
 26497 | D:12     | Reached skill level 5 in Long Blades
 26538 | D:12     | Reached skill level 12 in Shields
 27132 | D:14     | Reached skill level 10 in Evocations
 27700 | D:14     | Found a gate to the Vaults.
 28040 | D:15     | Entered Level 15 of the Dungeon
 28102 | D:15     | Bought a +3 short sword of electrocution for 465 gold
                  | pieces
 28195 | D:15     | Reached XP level 16. HP: 57/120 MP: 16/16
 28324 | D:15     | Reached skill level 13 in Shields
 28582 | D:15     | Found a staircase to the Depths.
 28678 | D:15     | Found a hazy altar of Hepliaklqana.
 28679 | D:15     | Found a basalt altar of Yredelemnul.
 28679 | D:15     | Found an ancient bone altar of Kikubaaqudgha.
 28792 | D:15     | Noticed a sphinx
 28831 | D:15     | Killed a sphinx
 29075 | D:15     | Noticed a tengu reaver
 29101 | D:15     | Killed a tengu reaver
 29294 | D:15     | Reached skill level 14 in Shields
 30580 | Shoals:1 | Entered Level 1 of the Shoals
 30598 | Lair:4   | Learned a level 1 spell: Animate Skeleton
 30757 | Shoals:1 | Noticed Donald
 30935 | Lair:4   | Killed Donald
 31035 | Lair:4   | Reached skill level 15 in Shields
 31060 | Shoals:1 | Reached skill level 1 in Necromancy
 31161 | Shoals:1 | You are sucked into a shaft and drop 1 floor!
 31195 | Shoals:2 | Reached XP level 17. HP: 103/126 MP: 17/17
 31336 | Shoals:2 | Reached skill level 10 in Armour
 31662 | Shoals:2 | Noticed a kraken
 31766 | Shoals:2 | Learned a level 3 spell: Vampiric Draining
 31831 | Shoals:2 | Reached skill level 1 in Stealth
 32118 | Shoals:1 | Noticed Jorgrun
 32123 | Shoals:1 | Noticed Jorgrun
 32123 | Shoals:1 | Jorgrun changed into Jorgrun the emperor scorpion
 32157 | Shoals:1 | Killed Jorgrun the emperor scorpion
 32157 | Shoals:1 | Reached skill level 5 in Necromancy
 33037 | Shoals:2 | Slain by a tentacle

Illustrated notes

Levels and vault maps discovered:
D:1:      psy_arrival_terrarium, layout_loops_ring, minivault_23, st_stairs_10,
          minmay_misc_feat_four_crosses, hangedman_decor_opposing
D:2:      layout_basic, serial_rivers, chequers_serial_rivers_micro_a,
          chequers_serial_rivers_micro_a, chequers_serial_rivers_room_a,
          chequers_serial_rivers_small_b, minmay_bisected, uniq_sigmund
D:3:      layout_basic
D:4:      layout_gridville, cheibrodos_sewer_entry_bend, minivault_1,
          uniq_natasha, uniq_eustachio
D:5:      minmay_recursive_quarters, layout_rooms,
          minmay_temple_entry_overgrown, serial_shops, nicolae_shop_waterfront,
          nicolae_shop_trees, shop_statue, minmay_misc_feat_iff,
          corner_web_ring, minmay_misc_feat_plants, minivault_1
D:6:      minmay_evil_eye, layout_loops_ring,
          chequers_temple_overflow_statue_of_worship,
          nicolae_ossuary_entry_giza, uniq_duvessa, uniq_blork_the_orc,
          uniq_crazy_yiuf_cottage
D:7:      layout_gridville, grunt_qazlal_clouds
D:8:      layout_loops_ring, minmay_door_square, uniq_pikel
D:9:      layout_long_grid
D:10:     layout_long_grid, dpeg_oklobed_lair, grunt_gozag_breadcrumbs
D:11:     layout_rooms, minmay_variable_closet, jmf_multi_god_temple
D:12:     minmay_klotski, layout_basic, orc_0_dummy, basic_altar, minivault_23,
          hangedman_little_slice_of_home, uniq_fannar
D:13:     layout_roguey, gauntlet_entry_generic
D:14:     layout_loops_ring, grunt_vaults_entry_tiered, chequers_big_river
D:15:     hangedman_slaughterboxes
Temple:   regret_index_temple_mists
Lair:1:   layout_gridlike, grunt_megastairs_1
Lair:2:   layout_chaotic_city
Lair:3:   layout_cave_pods, minmay_snake_entry_spellcaster
Lair:4:   layout_roguey, elwin_shoals_entry_rooms, lemuel_fruit_fields,
          infiniplex_staircase_pool
Lair:5:   layout_loops_ring, small_statue_intersection, serial_bayou_shore_b,
          serial_bayou_shore_b
Lair:6:   evilmike_catoblepas_cave, layout_long_grid, minmay_slime_entry_eyes,
          uniq_rupert
Shoals:1: layout_shoals, uniq_donald, uniq_jorgrun
Shoals:2: cheibrodos_shoals_satyrical_garden, layout_shoals
Orc:1:    layout_diamond_mine
Orc:2:    pubby_orc_utopia

Skill      XL: |  1  2  3  4  5  6  7  8  9 10 11 12 13 14 15 16 17 |
---------------+----------------------------------------------------+-----
Short Blades   | 3 4 5 6 7 9 11 12 13 14 | 14.0
Shields        | 3 4 6 7 8 9 11 12 15 | 15.0
Armour         | 3 4 5 6 7 8 9 10 | 10.0
Fighting       | 5 8 9 |  9.9
Evocations     | 4 7 9 10 11 12 | 12.0
Dodging        | 6 10 11 12 | 12.0
Long Blades    | 1 7 |  7.4
Necromancy     | 2 5 |  5.4
Stealth        | 3 |  3.3

Action                   |  1- 3 |  4- 6 |  7- 9 | 10-12 | 13-15 | 16-18 || total
-------------------------+-------+-------+-------+-------+-------+-------++-------
Melee: Rapier            |    60 |   195 |   618 |   125 |   238 |       ||  1236
       Bite              |     6 |    16 |   112 |   320 |   811 |   225 ||  1490
       Dagger            |       |       |   224 |  1560 |  2791 |       ||  4575
       Scimitar          |       |       |       |       |   928 |   863 ||  1791
       Short sword       |       |       |       |       |    38 |   218 ||   256
Throw: Throwing net      |       |       |       |       |     2 |       ||     2
Invok: Call Merchant     |       |       |       |     3 |     3 |       ||     6
 Abil: Exsanguinate      |       |       |       |     1 |       |       ||     1
       Revivify          |       |       |       |     1 |       |       ||     1
Evoke: Wand              |       |       |     5 |    21 |    43 |    25 ||    94
       Phial of floods   |       |       |       |       |     2 |     1 ||     3
       Condenser vane    |       |       |       |       |       |     3 ||     3
  Use: Potion            |     4 |     1 |       |     4 |     6 |     2 ||    17
       Scroll            |       |       |    21 |       |    11 |     3 ||    35
 Stab: Distracted        |       |       |     2 |     9 |    13 |     8 ||    32
       Paralysed         |       |       |       |       |     2 |       ||     2
       Petrified         |       |       |       |       |     6 |       ||     6
       Fleeing           |       |       |       |       |     2 |       ||     2
Armor: Scale mail        |    24 |    74 |       |       |       |       ||    98
       Chain mail        |       |    19 |   288 |   216 |   822 |   394 ||  1739
       Plate armour      |       |       |       |   301 |    88 |       ||   389
Dodge: Dodged            |    13 |    46 |   141 |   325 |  1573 |   916 ||  3014
Block: Kite shield       |    24 |   104 |   312 |   582 |  1547 |   809 ||  3378
       Rpst.: Scimitar   |       |       |       |       |   126 |   133 ||   259

Table legend: (Time is in decaauts)
 A = Elapsed time spent in this place.
 B = Non-inter-level travel time spent in this place.
 C = Inter-level travel time spent in this place.
 D = Time resting spent in this place.
 E = Time spent auto-exploring this place.
 F = Levels seen in this place.
 G = Mean time per level.
                   A        B        C        D        E       F      G
               +--------+--------+--------+--------+--------+-----+--------+
         Total |  30704 |  29291 |   1413 |   2015 |  16045 |  29 | 1058.8 |
       Dungeon |  15151 |  14325 |    826 |    831 |   8033 |  15 | 1010.1 |
        Temple |    226 |    204 |     22 |      0 |    202 |   1 |  226.0 |
          Lair |   8661 |   8229 |    432 |    685 |   5024 |   6 | 1443.5 |
        Shoals |   2078 |   2031 |     47 |    195 |   1018 |   2 | 1039.0 |
  Orcish Mines |   3379 |   3294 |     85 |    266 |   1459 |   2 | 1689.5 |
         Sewer |    427 |    427 |      0 |      6 |    138 |   1 |  427.0 |
       Ossuary |    230 |    230 |      0 |     32 |    108 |   1 |  230.0 |
      Gauntlet |    550 |    550 |      0 |      0 |     61 |   1 |  550.0 |
               +--------+--------+--------+--------+--------+-----+--------+

Top non-repeatable levels by time:
   Orc:2: 2586 daAuts
    D:15: 2124 daAuts
  Lair:6: 2027 daAuts
  Lair:4: 1777 daAuts
  Lair:5: 1710 daAuts
    D:12: 1476 daAuts
    D:10: 1284 daAuts
    D:14: 1158 daAuts
  Lair:3: 1140 daAuts
Shoals:1: 1109 daAuts
     D:8: 1049 daAuts
  Lair:1: 1047 daAuts
     D:6: 994 daAuts
    D:13: 991 daAuts
Shoals:2: 969 daAuts
